 Dungeon Crawl Stone Soup version 0.19-b1-3-g7dea586 (webtiles) character file.

370 Mesmaeker13 the Conjurer (level 6, -3/48 HPs)
             Began as a Demigod Conjurer on Oct 28, 2016.
             Killed from afar by an orc wizard (5 damage)
             ... with a magic dart
             ... on level 4 of the Dungeon.
             The game lasted 00:06:21 (2131 turns).

Mesmaeker13 the Conjurer (Demigod Conjurer)         Turns: 2131, Time: 00:06:22

Health: -3/48      AC:  2    Str: 11    XL:     6   Next: 18%
Magic:  2/15       EV: 18    Int: 23    God:
Gold:   81         SH:  0    Dex: 21    Spells: 3 memorised, 7 levels left

rFire  . . .     SeeInvis .     l - +1 short sword (speed)
rCold  . . .     Gourm    .     a - +0 robe
rNeg   . . .     Faith    .     (no shield)
rPois  .         Spirit   .     (no helmet)
rElec  .         Reflect  .     (no cloak)
rCorr  .         Harm     .     (no gloves)
MR     .....                    (no boots)
Stlth  +++.......               (no amulet)
                                (no ring)
                                (no ring)

@: agile, flying
A: high mp 1
a: no special abilities


You were on level 4 of the Dungeon.
You were not hungry.

You visited 1 branch of the dungeon, and saw 4 of its levels.

You collected 81 gold pieces.

Inventory:

Hand Weapons
 l - a +1 short sword of speed (weapon)
 p - a cursed -3 dagger
Armour
 a - a +0 robe (worn)
Scrolls
 e - a scroll of recharging {unknown}
 h - a scroll of remove curse
 n - a scroll of random uselessness {unknown}
 o - a scroll of amnesia
 r - 2 scrolls of teleportation {unknown}
 s - a scroll of enchant armour {unknown}
 u - a scroll of noise {unknown}
Potions
 i - a potion of lignification
Books
 b - a book of Conjurations

   Spells                             Type                      Level
   a - Magic Dart                     Conjuration                  1
   b - Searing Ray                    Conjuration                  2
   c - Dazzling Spray                 Conjuration/Hexes            3
   d - Fulminant Prism                Conjuration/Hexes            4
   e - Iskenderun's Mystic Blast      Conjuration                  4
   f - Iskenderun's Battlesphere      Conjuration/Charms           5
Comestibles
 c - a bread ration
 g - 6 chunks of flesh
 j - 2 slices of pizza
 k - a beef jerky
 m - 2 meat rations


   Skills:
 + Level 1.7 Fighting
 - Level 1.7 Dodging
 - Level 1.7 Stealth
 + Level 4.0 Spellcasting
 + Level 5.4 Conjurations


You had 7 spell levels left.
You knew the following spells:

 Your Spells              Type           Power        Failure   Level  Hunger
a - Magic Dart            Conj           ####         1%          1    None
b - Searing Ray           Conj           ####..       1%          2    #......
c - Dazzling Spray        Conj/Hex       ###...       12%         3    ##.....


Dungeon Overview and Level Annotations

Branches:
Dungeon (4/15)
 Temple: D:4-7

Annotations:
D:3 Kullungy's ghost, amateur DsAK


Innate Abilities, Weirdness & Mutations

You have an increased reservoir of magic. (+10% MP)


Message History

The orc priest hits you but does no damage.
You hit the orc priest but do no damage.
The orc priest is heavily wounded.
You barely miss the orc priest.
The orc priest is heavily wounded.
The orc priest hits you but does no damage.
The orc wizard hits you but does no damage.
You hit the orc priest but do no damage.
The orc priest is heavily wounded.
You feel less woody.
Your +0 robe unmelds from your body.
The orc priest invokes the aid of Beogh against you.
Pain shoots through your body!
* * * LOW HITPOINT WARNING * * *
It was a potion of flight.
You feel very buoyant.
You fly up into the air.
The orc wizard points at you and mumbles some strange words.
The magic dart hits you!
You die...

................
................
............######
........)o..#....#
..######....#....#
#....#....+ #....#....#
#....#....# #...o#@...#
.......... #....#oo..#
........... #....'....#
........... #....#....#
...........
#....#....#............
#....#....#............
#....#....#............
#....'....#..........<.
#....######........[...


You could see an orc priest and an orc wizard.

Vanquished Creatures
  A bullfrog (D:4)
  2 hounds
  An orc priest (D:4)
  An orc wizard (D:4)
  Jessica (D:2)
  Natasha (thrice) (D:2)
  3 adders (D:2)
  A dart slug (D:2)
  2 orcs
  5 bats
  3 giant cockroaches
  7 goblins
  7 hobgoblins
  9 jackals
  A ball python (D:2)
  2 frilled lizards
  5 kobolds
  5 rats
59 creatures vanquished.

Notes
Turn   | Place    | Note
-------+----------+-------------------------------------------
     0 | D:1      | Mesmaeker13 the Demigod Conjurer began the quest for the Orb.
     0 | D:1      | Reached XP level 1. HP: 14/14 MP: 5/5
   215 | D:1      | Reached XP level 2. HP: 18/20 MP: 4/7
   300 | D:1      | You fall through a shaft!
   329 | D:2      | Reached skill level 4 in Conjurations
   373 | D:2      | Reached XP level 3. HP: 18/26 MP: 1/9
   864 | D:2      | You fall through a shaft!
   909 | D:3      | Noticed Kullungy's ghost (amateur DsAK)
   981 | D:2      | Noticed Jessica
   987 | D:2      | Learned a level 2 spell: Searing Ray
   993 | D:2      | Killed Jessica
   993 | D:2      | Reached XP level 4. HP: 28/33 MP: 6/11
  1072 | D:2      | Noticed Natasha
  1083 | D:2      | Killed Natasha
  1299 | D:2      | Noticed Natasha
  1305 | D:2      | Killed Natasha
  1467 | D:2      | Noticed Natasha
  1475 | D:2      | Killed Natasha
  1475 | D:2      | Reached skill level 5 in Conjurations
  1475 | D:2      | Reached XP level 5. HP: 29/38 MP: 5/13
  1496 | D:2      | Learned a level 3 spell: Dazzling Spray
  1940 | D:4      | Reached skill level 1 in Fighting
  2113 | D:4      | Reached XP level 6. HP: 19/47 MP: 5/15
  2130 | D:4      | HP: 2/48 [orc priest/nerve-wracking pain (11)]
  2131 | D:4      | Killed from afar by an orc wizard

Skill      XL: |  1  2  3  4  5  6 |
---------------+-------------------+-----
Spellcasting   | 2 3 4 |  4.0
Conjurations   | 4 5 |  5.4
Fighting       | 1 |  1.7
Dodging        | |  1.7
Stealth        | |  1.7

Action                   |  1- 3 |  4- 6 || total
-------------------------+-------+-------++-------
Melee: Whip              |    23 |       ||    23
       Short sword       |    45 |    61 ||   106
 Cast: Magic Dart        |    26 |    11 ||    37
       Searing Ray       |     1 |    11 ||    12
  Use: Scroll            |       |     3 ||     3
       Potion            |       |     3 ||     3
 Stab: Sleeping          |     1 |     1 ||     2
       Distracted        |       |     1 ||     1
  Eat: Chunk             |       |     4 ||     4
Armor: Robe              |    18 |     3 ||    21
       Skin              |       |    15 ||    15
Dodge: Dodged            |    50 |    34 ||    84
